[Event "Late-Titled-Tuesday-Blitz-February-27-2024"]
[Site "Chess.com"]
[Date "2024.02.27"]
[Round "6"]
[White "Korchmar_Vasiliy"]
[Black "OneTrickPony_82"]
[Result "1-0"]
[WhiteElo "2700"]
[BlackElo "2528"]
[TimeControl "180+1"]
[EndTime "15:04:23 PST"]
[Termination "Korchmar_Vasiliy won by resignation"]

1. Nf3 Nf6 2. c4 c5 3. Nc3 e6 4.
e3 d5 5. b3 d4 6. exd4 cxd4 7.
Nb5 Nc6 8. g3 e5 9. Bg2 a6 10.
Na3 Bf5 11. O-O Bd6 12. c5 Bc7 13. Nc4 Bd3 14. Re1 Bxc4 15. bxc4 O-O 16. d3 h6 17.
Rb1 Rb8 18. Nh4 Qd7 19. Qf3 Qg4 20. Qxg4 Nxg4 21. Nf5 Rfe8 22. Ba3 Nf6 23. Re2 Nd7 24. Nd6 Bxd6 25. cxd6 Rec8 26. Reb2 b6 27. Bh3 Rb7 28. Bxd7 Rxd7 29. Rxb6 e4 30. dxe4 Ne5 31. c5 Nc4 32. Rb8 Rdd8 33. Rxc8 Rxc8 34. d7 Ra8 35. c6 Nxa3 36.
c7 1-0

[Event "Late-Titled-Tuesday-Blitz-February-27-2024"]
[Site "Chess.com"]
[Date "2024.02.27"]
[Round "6"]
[White "campochess"]
[Black "Mikhail646464"]
[Result "0-1"]
[WhiteElo "2186"]
[BlackElo "2364"]
[TimeControl "180+1"]
[EndTime "15:04:24 PST"]
[Termination "Mikhail646464 won by resignation"]

1. Nf3 c5 2. e4 Nc6 3. Bb5 e6 4. O-O Nge7 5. Re1 a6 6. Bf1 d6 7. c3 Ng6 8. d4 cxd4 9. cxd4 Be7 10. Nc3 O-O 11. Be3 b5 12. Rc1 Bb7 13. a4 b4 14.
Ne2 a5 15. Ng3 Rc8 16. Qb3 d5 17. e5 Qb6 18. Bd3 Na7 19. Ne2 Rxc1 20. Rxc1 Ba6 21. Nf4 Bxd3 22. Nxd3 Rc8 23. Rxc8+ Nxc8 24. Qc2 Na7 25.
Nc5 Qc7 26. Ne1 Bxc5 27. dxc5 Nxe5 28. Nd3 Nc4 29. Bf4 e5 30. Bg3 f6 31. b3 Na3 32.
f4 Nxc2 0-1

[Event "Late-Titled-Tuesday-Blitz-February-27-2024"]
[Site "Chess.com"]
[Date "2024.02.27"]
[Round "6"]
[White "Matalon"]
[Black "morte-negra"]
[Result "1-0"]
[WhiteElo "2450"]
[BlackElo "2047"]
[TimeControl "180+1"]
[EndTime "15:04:25 PST"]
[Termination "Matalon won by resignation"]

1. e4 c5 2. Nf3 e6 3. d4 cxd4 4. Nxd4 Nc6 5. Nc3 a6 6. Nxc6 bxc6 7. e5 d5 8. exd6 Bxd6 9. Ne4 Bb4+ 10. c3 Qxd1+ 11. Kxd1 Be7 12. Bf4 Nf6 13. Nd6+ Kf8 14. Nxc8 Rxc8 15. Bxa6 Rd8+ 16. Ke2 Nd5 17. Bd2 h5 18.
Bd3 g5 19. g3 h4 20. c4 Nb4 21.
Be4 f5 22. Bc3 Rh6 23. Bb1 c5 24. Rd1 Nc6 25. Rxd8+ Bxd8 26. a3 Nd4+ 27. Bxd4 cxd4 28.
b4 hxg3 29. hxg3 Rh1 30. a4 e5 31. a5 e4 32. c5 d3+ 33. Kd2 g4 34. a6 Bg5+ 35.
Kc3 d2 36. a7 d1=Q 37. a8=Q+ Kg7 38. Ra7+ Kg6 39. Qg8+ 1-0

[Event "Late-Titled-Tuesday-Blitz-February-27-2024"]
[Site "Chess.com"]
[Date "2024.02.27"]
[Round "6"]
[White "Orion2127989"]
[Black "thesupera12"]
[Result "0-1"]
[WhiteElo "2138"]
[BlackElo "2458"]
[TimeControl "180+1"]
[EndTime "15:04:26 PST"]
[Termination "thesupera12 won on time"]

1. d4 a6 2. Nf3 c5 3. d5 Nf6 4. c4 b5 5. b3 bxc4 6. bxc4 g6 7. Bb2 Bg7 8. Nbd2 O-O 9. Qc2 d6 10. e4 Qa5 11. Bd3 Bg4 12. Bc3 Qc7 13. O-O Nbd7 14. h3 Bxf3 15. Nxf3 Rfb8 16. Rab1 Nh5 17. Bxg7 Kxg7 18. g3 Nhf6 19. Rb3 Rb4 20. Rfb1 Rab8 21. Qb2 a5 22. Qc3 Qb6 23. Nd2 a4 24. Rxb4 cxb4 25. Qc2 Ne5 26. Bf1 Qd4 27. Bg2 Nh5 28. Kf1 Nf6 29.
Nf3 Qxe4 30. Qxe4 Nxe4 31. Nxe5 Nd2+ 0-1

[Event "Late-Titled-Tuesday-Blitz-February-27-2024"]
[Site "Chess.com"]
[Date "2024.02.27"]
[Round "6"]
[White "laziestwin"]
[Black "GoltsevDmitry2000"]
[Result "0-1"]
[WhiteElo "2597"]
[BlackElo "2763"]
[TimeControl "180+1"]
[EndTime "15:04:28 PST"]
[Termination "GoltsevDmitry2000 won on time"]

1. d4 e6 2. c4 b6 3. e4 d5 4. cxd5 exd5 5. e5 c5 6. Nf3 Be7 7. Nc3 Be6 8. Bb5+ Kf8 9. O-O a6 10. Bd3 Nc6 11. Be3 h5 12. Rc1 g5 13. Ne2 c4 14. Bb1 Nh6 15. b3 b5 16. Nd2 Ng4 17.
h3 Nxe3 18. fxe3 Ba3 19. Rc2 Nb4 20. Rc3 Bb2 21. e4 Bxc3 22. Nxc3 Ke8 23. Qf3 dxe4 24. Qxe4 Nd5 25. Nxd5 Qxd5 26. bxc4 bxc4 27. Qe3 Rd8 28. Nf3 g4 29. Be4 Qd7 30. Ng5 Qxd4 31. Qxd4 Rxd4 32. Nxe6 fxe6 33. Bc6+ Ke7 34. hxg4 hxg4 35. Rc1 g3 36. Bb7 Rhd8 37. Kf1 Rd2 38. Rxc4 Rf2+ 39. Ke1 Rxa2 0-1

[Event "Late-Titled-Tuesday-Blitz-February-27-2024"]
[Site "Chess.com"]
[Date "2024.02.27"]
[Round "6"]
[White "Akhayan"]
[Black "Pelusiansky"]
[Result "1/2-1/2"]
[WhiteElo "2430"]
[BlackElo "2537"]
[TimeControl "180+1"]
[EndTime "15:04:28 PST"]
[Termination "Game drawn by repetition"]

1. e4 c6 2. Ne2 d5 3. e5 c5 4. d4 cxd4 5. Nxd4 Nc6 6. Bb5 Qc7 7. O-O a6 8. Bxc6+ bxc6 9. e6 fxe6 10. Qh5+ g6 11. Qe2 e5 12. Nb3 Nf6 13. Re1 e4 14.
c4 Bg4 15. f3 exf3 16. gxf3 Bc8 17. cxd5 cxd5 18. Nc3 Bg7 19. Bg5 Bb7 20. Rac1 Qd6 21. Bf4 Qb6+ 22. Be3 Qd8 23. Bc5 Bf8 24. Qe6 Nh5 25. Bb6 Qd7 26. Qxd7+ Kxd7 27. Nc5+ Kc8 28. N3a4 Bc6 29. Ne6 Kb7 30. Nec5+ Kc8 31. Ne6 Kb7 32.
Nec5+ Kc8 1/2-1/2

[Event "Late-Titled-Tuesday-Blitz-February-27-2024"]
[Site "Chess.com"]
[Date "2024.02.27"]
[Round "6"]
[White "WindWhistler11"]
[Black "nindjaxx8"]
[Result "0-1"]
[WhiteElo "2504"]
[BlackElo "2677"]
[TimeControl "180+1"]
[EndTime "15:04:32 PST"]
[Termination "nindjaxx8 won by resignation"]

1. Nf3 d5 2. g3 Nf6 3. c4 e6 4. Bg2 Be7 5. O-O O-O 6. b3 b6 7. Bb2 Bb7 8. e3 Nbd7 9. Nc3 c5 10. Ne2 dxc4 11. bxc4 Re8 12. Qc2 Rc8 13. Nf4 Qc7 14. Rad1 Red8 15. d3 Bc6 16. Ng5 Bxg2 17. Kxg2 h6 18. Nf3 Qb7 19. e4 Ne8 20. Nh5 Bf6 21. Nxf6+ Ndxf6 22. Qe2 b5 23. cxb5 Qxb5 24. Ba1 Qa6 25.
Ne5 Nd6 26. h4 Nb5 27. g4 Nd4 28. Bxd4 Rxd4 29. g5 Rxe4 30. Qf3 Rxe5 31. gxf6 Rf5 32. Qg3 Rxf6 33. h5 Rf5 34. Rh1 Rg5 0-1

[Event "Late-Titled-Tuesday-Blitz-February-27-2024"]
[Site "Chess.com"]
[Date "2024.02.27"]
[Round "6"]
[White "ElHelvetico"]
[Black "Nouali_Mohamed"]
[Result "1-0"]
[WhiteElo "2740"]
[BlackElo "2521"]
[TimeControl "180+1"]
[EndTime "15:04:34 PST"]
[Termination "ElHelvetico won by checkmate"]

1. c4 Nf6 2. Nc3 g6 3. d4 Bg7 4. e4 d6 5. Nf3 O-O 6. Be2 c5 7.
d5 a6 8. a4 e6 9. h3 exd5 10.
exd5 Re8 11. O-O Bf5 12. Nh4 Bc8 13. Bd3 Nbd7 14. Nf3 Ne5 15. Nxe5 dxe5 16. Re1 Qd6 17. a5 Bd7 18. Bg5 Rac8 19. Qf3 h6 20. Bh4 g5 21. Bg3 g4 22. hxg4 Bxg4 23. Ne4 Nxe4 24. Qxg4 Nxg3 25. Qxg3 Kf8 26. Re4 Rc7 27. Rg4 f6 28. Bf5 Rd8 29. Be6 Re7 30. Re1 Rxe6 31. Rxg7 Ree8 32. Rg8+ Ke7 33.
Qg7# 1-0

[Event "Late-Titled-Tuesday-Blitz-February-27-2024"]
[Site "Chess.com"]
[Date "2024.02.27"]
[Round "6"]
[White "Godzillator"]
[Black "Flaccidmoves"]
[Result "1-0"]
[WhiteElo "2356"]
[BlackElo "2445"]
[TimeControl "180+1"]
[EndTime "15:04:34 PST"]
[Termination "Godzillator won on time"]

1. Nf3 c5 2. c3 d5 3. d4 e6 4. a3 Nf6 5. Bf4 Bd6 6. Bg3 O-O 7. e3 b6 8. Bd3 Ba6 9. Bxa6 Nxa6 10. Nbd2 Nb8 11. O-O Nc6 12. b4 Bxg3 13. hxg3 Qd6 14. bxc5 bxc5 15. Nb3 c4 16. Nc5 e5 17. Rb1 Rab8 18.
Qa4 Rb6 19. Nb7 Qc7 20. dxe5 Ne4 21. Rxb6 axb6 22. Nd6 Nxd6 23. exd6 Qxd6 24. Nd4 Nxd4 25. exd4 Qg6 26. Qd7 Qd3 27. Qxd5 Qxc3 28. Rb1 Qd3 29. Rxb6 c3 30. Rc6 c2 31. Qc5 h6 32. Qxc2 Qxa3 33. d5 1-0

[Event "Late-Titled-Tuesday-Blitz-February-27-2024"]
[Site "Chess.com"]
[Date "2024.02.27"]
[Round "6"]
[White "GoValya"]
[Black "cthake"]
[Result "1-0"]
[WhiteElo "2257"]
[BlackElo "1820"]
[TimeControl "180+1"]
[EndTime "15:04:36 PST"]
[Termination "GoValya won by resignation"]

1. d4 Nf6 2. Nf3 e6 3. g3 b6 4. Bg2 Bb7 5. O-O Be7 6. c4 d5 7. Nc3 O-O 8. Ne5 c6 9. e4 Nbd7 10. exd5 cxd5 11. Bf4 Nxe5 12. dxe5 Nd7 13. cxd5 exd5 14.
Nxd5 Bxd5 15. Bxd5 Rc8 16. e6 Nf6 17. exf7+ Kh8 18.
Bb3 Bc5 19. Qxd8 Rcxd8 20. Kg2 h6 21. Rad1 g5 22. Be5 Kg7 23. f4 Rxd1 24. Rxd1 gxf4 25. gxf4 Kg6 26. Kf3 h5 27. Rd2 h4 28. Rg2+ 1-0

[Event "Late-Titled-Tuesday-Blitz-February-27-2024"]
[Site "Chess.com"]
[Date "2024.02.27"]
[Round "6"]
[White "boguszp"]
[Black "zsizsi99"]
[Result "0-1"]
[WhiteElo "2031"]
[BlackElo "2448"]
[TimeControl "180+1"]
[EndTime "15:04:37 PST"]
[Termination "zsizsi99 won by checkmate"]

1. d4 Nf6 2. Nf3 c5 3. c3 b6 4. Bf4 Bb7 5. e3 g6 6. Be2 Bg7 7. O-O O-O 8. h3 d6 9. Nbd2 Ne4 10. Nxe4 Bxe4 11. Nd2 Bb7 12. Bf3 Nc6 13. Rc1 e5 14. dxe5 dxe5 15. Bh2 Qe7 16. e4 Rfd8 17. Qe2 Qe6 18.
b3 a5 19. Rfd1 Bh6 20. Rb1 Ba6 21. c4 Nd4 22. Qf1 Bxd2 23. Bg4 f5 24. exf5 gxf5 25.
Rxd2 fxg4 26. Rbd1 gxh3 27. gxh3 Bb7 28. Bg3 Nf3+ 29. Kh1 Nxd2+ 30. Kh2 Nxf1+ 31. Rxf1 Qc6 32.
Rg1 Kf7 33. Bxe5 Rd1 34. Rg7+ Ke6 35. Rxh7 Qg2# 0-1

[Event "Late-Titled-Tuesday-Blitz-February-27-2024"]
[Site "Chess.com"]
[Date "2024.02.27"]
[Round "6"]
[White "cristianserban1"]
[Black "janhelmer03"]
[Result "0-1"]
[WhiteElo "2486"]
[BlackElo "2374"]
[TimeControl "180+1"]
[EndTime "15:04:37 PST"]
[Termination "janhelmer03 won by resignation"]

1. Nf3 d5 2. g3 Nf6 3. Bg2 Bf5 4. d3 c6 5. O-O Nbd7 6. Nh4 Bg6 7. Nxg6 hxg6 8. e4 e6 9. b3 Be7 10. Bb2 Qb6 11. Nd2 a5 12. a3 O-O-O 13. Qe2 Rh7 14. e5 Nh5 15. b4 Rdh8 16. Bc3 a4 17. Rfb1 Bg5 18. Nf3 Be7 19. Bd4 Qc7 20. c4 dxc4 21. dxc4 g5 22. c5 Nf8 23. Qc2 g4 24. Nd2 Ng6 25.
Nc4 Nhf4 26. gxf4 Nxf4 27. Qxa4 Rxh2 28. Nb6+ Qxb6 29. Qa8+ Kd7 30. Qxh8 Rxg2+ 31. Kf1 Qb5+ 0-1

[Event "Late-Titled-Tuesday-Blitz-February-27-2024"]
[Site "Chess.com"]
[Date "2024.02.27"]
[Round "6"]
[White "IsaacWiebe"]
[Black "zajka-molotok"]
[Result "0-1"]
[WhiteElo "2363"]
[BlackElo "2514"]
[TimeControl "180+1"]
[EndTime "15:04:39 PST"]
[Termination "zajka-molotok won by resignation"]

1. e4 c5 2. Nf3 Nc6 3. Nc3 e5 4. Bc4 g6 5. d3 h6 6. Be3 d6 7.
Nd5 Bg7 8. c3 Nf6 9. Nxf6+ Qxf6 10. h3 O-O 11. O-O Kh7 12. Nh2 g5 13. Ng4 Qg6 14. Bd2 f5 15. exf5 Bxf5 16. Qe2 Na5 17. Rfd1 Nxc4 18. dxc4 Bc2 19. Ne3 Bxd1 20. Rxd1 Rf7 21.
Nd5 Raf8 22. Be3 h5 23. Qd2 Bh6 24. b4 b6 25. b5 g4 26. Bxh6 Qxh6 27. Qxh6+ Kxh6 28. hxg4 Rxf2 29. gxh5 Kxh5 30. Ne3 Re2 31. g4+ Kg5 32.
Nf5 Kxg4 33. Nxd6 Rff2 34. Nc8 Rg2+ 35. Kf1 Ref2+ 36. Ke1 Rxa2 0-1

[Event "Late-Titled-Tuesday-Blitz-February-27-2024"]
[Site "Chess.com"]
[Date "2024.02.27"]
[Round "6"]
[White "DuleMudule"]
[Black "HansOnTwitch"]
[Result "1-0"]
[WhiteElo "2876"]
[BlackElo "3067"]
[TimeControl "180+1"]
[EndTime "15:04:47 PST"]
[Termination "DuleMudule won by resignation"]

1. d4 Nf6 2. Bg5 d5 3. Bxf6 gxf6 4. e3 c5 5. c4 cxd4 6. exd4 Bg7 7. cxd5 Qxd5 8. Nc3 Qa5 9. Bd3 Nc6 10. d5 Ne5 11. Bb5+ Bd7 12. Bxd7+ Nxd7 13. Ne2 O-O 14. O-O Nb6 15.
Ng3 e6 16. Nh5 f5 17. Nxg7 Kxg7 18. Qd4+ e5 19. Qxe5+ f6 20. Qxf5 Rae8 21. Rad1 Re5 22. Qg4+ Kh8 23. d6 Rg5 24. Qf3 Nc4 25. d7 Ne5 26.
Qxb7 Rgg8 27. g3 Qc5 28. Qd5 Qe7 29. f4 Ng4 30. Rfe1 Qd8 31. Rd2 Rg7 32. Kg2 Rfg8 33. Re6 h5 34. Re8 Rxe8 35. Qxh5+ 1-0

[Event "Late-Titled-Tuesday-Blitz-February-27-2024"]
[Site "Chess.com"]
[Date "2024.02.27"]
[Round "6"]
[White "Alex_Sahakyan2006"]
[Black "SpeedofLight0"]
[Result "0-1"]
[WhiteElo "2812"]
[BlackElo "3057"]
[TimeControl "180+1"]
[EndTime "15:04:49 PST"]
[Termination "SpeedofLight0 won on time"]

1. e4 e6 2. d4 d5 3. exd5 exd5 4. Nf3 Bd6 5. Nc3 c6 6. Bd3 Ne7 7. Ne2 Bf5 8. Ng3 Bxd3 9. Qxd3 Nd7 10. O-O O-O 11.
Ng5 Ng6 12. Nf5 Nf6 13. h4 h6 14. Ne6 fxe6 15. Nxd6 Nxh4 16. Nxb7 Qe8 17. Nc5 e5 18. Qg3 Nf5 19. Qxe5 Qh5 20. Qh2 Qg6 21. c3 Rae8 22.
Bf4 Ng4 23. Qh3 Nxd4 24. cxd4 Rxf4 25. Rad1 Re2 26. Nd3 Rf8 27. Qg3 Qe4 28. Nc5 Qf5 29.
Nd3 Nf6 30. Rfe1 Ne4 31. Qh4 Nxf2 0-1

[Event "Late-Titled-Tuesday-Blitz-February-27-2024"]
[Site "Chess.com"]
[Date "2024.02.27"]
[Round "6"]
[White "Zampronha1971"]
[Black "el008"]
[Result "0-1"]
[WhiteElo "2342"]
[BlackElo "2500"]
[TimeControl "180+1"]
[EndTime "15:04:51 PST"]
[Termination "el008 won on time"]

1. e4 e6 2. d4 d5 3. Nc3 Nf6 4. e5 Nfd7 5. f4 c5 6. Nf3 Nc6 7. Be3 cxd4 8. Nxd4 Qb6 9. Qd2 Qxb2 10. Rb1 Qa3 11. Bb5 Nxd4 12. Bxd4 a6 13. Bxd7+ Bxd7 14. Rxb7 Bc5 15. O-O Qa5 16. Rfb1 Bc8 17. R7b3 O-O 18. Kh1 Bd7 19. Qe3 Rfc8 20. Ne2 Bxd4 21.
Nxd4 Qxa2 22. f5 exf5 23. Qf3 Be6 24. Nxf5 Bxf5 25. Qxf5 Qxc2 26. Qf4 h6 27. Rb7 Qg6 28. h3 Rf8 29. R1b6 Qg5 30. Qd4 Rae8 31. Rxa6 Rxe5 32. Raa7 Qg3 33. Rb1 Rfe8 34. Raa1 f6 35. Rf1 Kh8 36. Rg1 Rh5 37. Rgf1 Re2 38. Qg1 Rxh3+ 0-1

[Event "Late-Titled-Tuesday-Blitz-February-27-2024"]
[Site "Chess.com"]
[Date "2024.02.27"]
[Round "6"]
[White "Brahianzevich"]
[Black "Sajkochess"]
[Result "1-0"]
[WhiteElo "2494"]
[BlackElo "2336"]
[TimeControl "180+1"]
[EndTime "15:04:51 PST"]
[Termination "Brahianzevich won by resignation"]

1. e4 c6 2. d4 d5 3. Nc3 dxe4 4. Nxe4 Bf5 5. Ng3 Bg6 6. Nf3 Nd7 7. h4 h6 8. h5 Bh7 9. Bd3 Bxd3 10. Qxd3 e6 11. Bd2 Ngf6 12. O-O-O Be7 13. Kb1 O-O 14. Ne4 Nxe4 15. Qxe4 Nf6 16. Qe2 Qd5 17. Ne5 Qe4 18. Be3 Nd5 19. Rh3 Bg5 20. Qf3 Qxf3 21. Rxf3 Nxe3 22. fxe3 f5 23. c3 Rad8 24. Re1 c5 25.
Kc2 Rfe8 26. g4 fxg4 27. Nxg4 c4 28. Ne5 b5 29. Nf7 Rf8 30. Ref1 Rde8 31. Nxg5 hxg5 32.
e4 Rf6 33. Rxf6 gxf6 34. Rxf6 Kh7 35. Rg6 Rg8 36. Rxg8 Kxg8 37. Kd2 Kh7 38. Ke2 Kh6 39.
d5 exd5 40. exd5 Kxh5 41. d6 1-0

[Event "Late-Titled-Tuesday-Blitz-February-27-2024"]
[Site "Chess.com"]
[Date "2024.02.27"]
[Round "6"]
[White "vugarrasulov"]
[Black "Sokoloco"]
[Result "1-0"]
[WhiteElo "2996"]
[BlackElo "2791"]
[TimeControl "180+1"]
[EndTime "15:04:52 PST"]
[Termination "vugarrasulov won by resignation"]

1. e4 d6 2. d4 g6 3. Nc3 Bg7 4. Be3 a6 5. h4 h6 6. a4 b6 7. Qd2 Bb7 8. f3 Nd7 9. Nh3 e6 10. Nf4 Ne7 11. Bc4 e5 12. Nfd5 Nxd5 13. Bxd5 Bxd5 14. Nxd5 Nf6 15. dxe5 dxe5 16. O-O-O Nxd5 17. Qxd5 Qxd5 18. Rxd5 Ke7 19. c4 Rhd8 20. h5 g5 21.
Rhd1 Rxd5 22. Rxd5 c6 23. Rd3 b5 24. Bc5+ Ke8 25. b3 Rb8 26. Kc2 Bf6 27. Bd6 Rb7 28.
axb5 axb5 29. Rd1 Ra7 30. Kc3 Ra2 31. g4 Rf2 32. Rd3 bxc4 33. bxc4 Bg7 34. Kb4 f6 35. Kc5 Rc2 36. Ra3 Kf7 37. Ra7+ Kg8 38. Ra4 Rc3 39. Kxc6 Rxf3 40. c5 Kf7 41. Ra7+ Kg8 42. Kd7 Rd3 43. Ke6 Kh7 44. c6 Rc3 45. c7 Kg8 46.
Ra8+ 1-0

[Event "Late-Titled-Tuesday-Blitz-February-27-2024"]
[Site "Chess.com"]
[Date "2024.02.27"]
[Round "6"]
[White "CarlosjPineror"]
[Black "lagedema"]
[Result "1-0"]
[WhiteElo "2548"]
[BlackElo "2419"]
[TimeControl "180+1"]
[EndTime "15:04:52 PST"]
[Termination "CarlosjPineror won by resignation"]

1. e4 c6 2. d3 d5 3. Nd2 e5 4. Ngf3 Bd6 5. c3 Nf6 6. g3 O-O 7. Bg2 Re8 8. O-O Nbd7 9. Re1 a5 10. a4 Nf8 11. h3 b6 12. Qc2 Ba6 13. Nf1 h6 14. Ne3 Rc8 15. Nf5 Ng6 16. b3 Bf8 17.
Rd1 Qd7 18. Bb2 Qe6 19. c4 d4 20. Bc1 Ne7 21. g4 Nh7 22. Bd2 Ng6 23. Re1 Bb4 24. Bxb4 axb4 25. Ng3 Nf4 26. Ne2 Nxg2 27. Kxg2 g6 28.
Ng3 Qf6 29. Qd2 c5 30. Qxh6 Ra8 31. h4 Bc8 32. Nh2 Qg7 33. Qd2 Qf6 34. Qh6 Qg7 35. Qxg7+ Kxg7 36. Rf1 Nf6 37. g5 Nd7 38. Ng4 Rh8 39. Rh1 Bb7 40. Raf1 Rae8 41. f4 exf4 42. Rxf4 Ne5 43. Nxe5 Rxe5 44. Rhf1 Rf8 45. R1f2 Bc8 46. Nf1 Re7 47. Nh2 Be6 48. Ng4 Rh8 49. Ne5 Ra7 50. Kg3 Rc7 51. Ng4 Ra7 52. Rf6 Re7 53. Ne5 Ree8 54.
Nxf7 b5 55. axb5 Rhf8 56. Ne5 Rxf6 57. Rxf6 Bxc4 58. Nxc4 1-0

[Event "Late-Titled-Tuesday-Blitz-February-27-2024"]
[Site "Chess.com"]
[Date "2024.02.27"]
[Round "6"]
[White "PepeCuenca"]
[Black "mightysmasher"]
[Result "1/2-1/2"]
[WhiteElo "2710"]
[BlackElo "2558"]
[TimeControl "180+1"]
[EndTime "15:04:53 PST"]
[Termination "Game drawn by repetition"]

1. d4 d5 2. Bf4 Nf6 3. e3 e6 4. Nf3 Bd6 5. Ne5 O-O 6. Nd2 c5 7. c3 Nc6 8. Bd3 Qc7 9. Ndf3 Ne4 10. Nxc6 Bxf4 11. exf4 bxc6 12. g3 cxd4 13. cxd4 Rb8 14. Qc2 Qa5+ 15. Kf1 Ba6 16. Bxa6 Qxa6+ 17. Kg2 Rfc8 18.
b3 c5 19. dxc5 Rxc5 20. Qb2 Rbc8 21. Rac1 h6 22. a3 Rxc1 23. Rxc1 Rxc1 24. Qxc1 Qe2 25.
Qe3 Qxe3 26. fxe3 Kf8 27. Nd4 a5 28. Kf3 Ke8 29. Ke2 Kd7 30. Kd3 Kc7 31. Nf3 Kb6 32.
Ne5 f6 33. Nf3 Nc5+ 34. Kc2 Kc6 35. Nd4+ Kd6 36. Nb5+ Kc6 37. Nd4+ Kd6 38. Kd2 g6 39. Kc2 h5 40. Nb5+ Kc6 41. Nd4+ Kd6 42. Nb5+ Kc6 43.
Nd4+ Kd6 1/2-1/2

[Event "Late-Titled-Tuesday-Blitz-February-27-2024"]
[Site "Chess.com"]
[Date "2024.02.27"]
[Round "6"]
[White "sotochess"]
[Black "TanitoluwaAps116"]
[Result "0-1"]
[WhiteElo "2655"]
[BlackElo "2902"]
[TimeControl "180+1"]
[EndTime "15:04:54 PST"]
[Termination "TanitoluwaAps116 won by resignation"]

1. e4 c5 2. Nf3 e6 3. c4 Nc6 4. Nc3 Nf6 5. g3 d5 6. exd5 exd5 7.
cxd5 Nxd5 8. Bg2 Be7 9. O-O O-O 10. d4 Bg4 11. Nxd5 Qxd5 12. dxc5 Qxc5 13. h3 Rad8 14.
Qa4 Bxf3 15. Bxf3 Rd3 16. Kg2 Rxf3 17. Kxf3 Qd5+ 18. Qe4 Ne5+ 19. Ke3 Bc5+ 20. Kf4 Nd3+ 21. Kf3 Ne5+ 22. Kf4 g5+ 23. Kf5 Qe6+ 24. Kxg5 h6+ 25. Kf4 Qf6+ 26. Qf5 Ng6+ 27. Kg4 h5+ 28. Qxh5 Ne5+ 29.
Qxe5 Qxe5 30. Bf4 f5+ 31. Kh5 Qh8+ 32. Kg5 Be7+ 0-1

[Event "Late-Titled-Tuesday-Blitz-February-27-2024"]
[Site "Chess.com"]
[Date "2024.02.27"]
[Round "6"]
[White "pr1105"]
[Black "dosto07"]
[Result "0-1"]
[WhiteElo "2350"]
[BlackElo "2510"]
[TimeControl "180+1"]
[EndTime "15:04:54 PST"]
[Termination "dosto07 won by resignation"]

1. e4 e5 2. Nf3 Nc6 3. Bc4 Bc5 4. c3 Nf6 5. d3 d6 6. O-O a6 7. a4 Ba7 8. Nbd2 O-O 9. h3 Be6 10. Bxe6 fxe6 11. Re1 Qe8 12. Nf1 Nh5 13. d4 Qf7 14. Be3 Nf4 15. Bxf4 Qxf4 16. Re2 Qh6 17. Re3 exd4 18. cxd4 e5 19. Qb3+ Kh8 20. Qxb7 Nxd4 21. N1h2 Nc2 22. Rae1 Bxe3 23. Ng4 Qe6 24. Rxe3 Nxe3 25.
Nxe3 Qc8 26. Qd5 Rb8 27. Ng5 Qd7 28. Nc4 h6 29. Nxe5 Qe8 30. Nef7+ Rxf7 31. Nxf7+ Kh7 32. Qf5+ Kg8 33. Nxh6+ gxh6 34. Qd5+ Qf7 0-1

[Event "Late-Titled-Tuesday-Blitz-February-27-2024"]
[Site "Chess.com"]
[Date "2024.02.27"]
[Round "6"]
[White "GarciaIsaac"]
[Black "Cristi_Coca"]
[Result "1-0"]
[WhiteElo "2673"]
[BlackElo "2371"]
[TimeControl "180+1"]
[EndTime "15:04:56 PST"]
[Termination "GarciaIsaac won by resignation"]

1. e4 c5 2. Nc3 e6 3. d4 cxd4 4. Qxd4 a6 5. Bf4 Nc6 6. Qd3 Bb4 7. O-O-O Nge7 8. Bd6 Bxd6 9. Qxd6 Qa5 10. Nf3 O-O 11.
Kb1 b5 12. h4 b4 13. Ne2 f5 14. e5 Nd5 15. Ned4 Nce7 16. Bc4 Qc7 17. Bb3 Bb7 18. Ng5 Qxd6 19. exd6 Nc8 20. Ndxe6 dxe6 21. Nxe6 Rf6 22. Nc7 Rxd6 23. Nxd5 Kf8 24. Rhe1 Bxd5 25. Bxd5 Ra7 26.
Be6 Re7 27. Bxc8 1-0

[Event "Late-Titled-Tuesday-Blitz-February-27-2024"]
[Site "Chess.com"]
[Date "2024.02.27"]
[Round "6"]
[White "AcostaPablo"]
[Black "KorolDimitriy75"]
[Result "1-0"]
[WhiteElo "2632"]
[BlackElo "2454"]
[TimeControl "180+1"]
[EndTime "15:04:58 PST"]
[Termination "AcostaPablo won on time"]

1. c4 c5 2. Nc3 g6 3. g3 Bg7 4.
Bg2 Nc6 5. Nf3 Nh6 6. O-O Nf5 7. e3 h5 8. h4 a6 9. Qe2 Rb8 10. Rd1 O-O 11. Ng5 d6 12. Nd5 Bd7 13. Nf4 Nh6 14. Bd5 e6 15. Bg2 b5 16. d3 Qe7 17. Rb1 Rfc8 18.
b3 Ne5 19. Bb2 Bc6 20. d4 Bxg2 21. dxe5 dxe5 22. Nxg6 Qb7 23. Nxe5 Be4 24. Nxe4 Qxe4 25. Nd7 Rb7 26. Bxg7 Kxg7 27. Qb2+ e5 28. Qxe5+ Qxe5 29. Nxe5 Nf5 30. Rbc1 1-0

[Event "Late-Titled-Tuesday-Blitz-February-27-2024"]
[Site "Chess.com"]
[Date "2024.02.27"]
[Round "6"]
[White "becemix"]
[Black "Statham_01"]
[Result "1-0"]
[WhiteElo "2432"]
[BlackElo "2542"]
[TimeControl "180+1"]
[EndTime "15:04:58 PST"]
[Termination "becemix won on time"]

1. e4 e5 2. Nf3 Nf6 3. Nc3 Nc6 4. Bd3 Bc5 5. O-O d6 6. Ne2 Bg4 7. Ng3 h5 8. Nf5 g6 9. Ne3 Nd4 10. Be2 Nxe2+ 11. Qxe2 Nxe4 12. Nxg4 hxg4 13. Qxe4 gxf3 14.
Qxf3 Qh4 15. h3 O-O-O 16. d3 f5 17. Be3 Bxe3 18. fxe3 Rdf8 19. a4 g5 20. e4 g4 21.
Qf2 Qh6 22. exf5 gxh3 23. g3 h2+ 24. Kh1 a6 25. Rae1 Qg5 26. f6 Kb8 27. Re3 Rf7 28. Rf3 Rh6 29. Rf5 Qg4 30. Qf3 Qxa4 31. g4 Rh4 32. g5 Rf4 33. Rxf4 exf4 34. Qxf4 Qxc2 35.
g6 Rf8 36. g7 Rc8 37. f7 Qc6+ 38. Qf3 Qc5 39. f8=Q 1-0

[Event "Late-Titled-Tuesday-Blitz-February-27-2024"]
[Site "Chess.com"]
[Date "2024.02.27"]
[Round "6"]
[White "ImportedItalianMaple"]
[Black "Nemsko"]
[Result "1/2-1/2"]
[WhiteElo "2513"]
[BlackElo "2397"]
[TimeControl "180+1"]
[EndTime "15:04:58 PST"]
[Termination "Game drawn by repetition"]

1. Nf3 Nf6 2. g3 d5 3. Bg2 e6 4.
O-O Bd6 5. c4 O-O 6. d4 c6 7.
Nc3 Nbd7 8. Nd2 Qe7 9. e4 dxe4 10. Ndxe4 Nxe4 11. Nxe4 Bc7 12. Qc2 h6 13. b3 Nf6 14.
Nxf6+ Qxf6 15. Bb2 Qg5 16. Rfe1 Re8 17. d5 cxd5 18. cxd5 Bd6 19. Rad1 e5 20. f4 Qh5 21.
fxe5 Bxe5 22. Bxe5 Rxe5 23. Qc7 Rxe1+ 24. Rxe1 Bh3 25.
Qxb7 Rd8 26. Qe7 Rd7 27. Qe8+ Kh7 28. Be4+ g6 29. Qb8 Bf5 30. Qf4 Bxe4 31. Qxe4 Rxd5 32. Rf1 Rd7 33. Qa4 Qc5+ 34. Kg2 Kg7 35. Qf4 Qd5+ 36.
Qf3 Qe6 37. Rf2 Kh7 38. Qc3 Qe4+ 39. Qf3 Qe6 40. Qf6 Qe4+ 41. Qf3 Qe6 1/2-1/2

[Event "Late-Titled-Tuesday-Blitz-February-27-2024"]
[Site "Chess.com"]
[Date "2024.02.27"]
[Round "6"]
[White "NateSolon"]
[Black "rasmussvane"]
[Result "0-1"]
[WhiteElo "2686"]
[BlackElo "2935"]
[TimeControl "180+1"]
[EndTime "15:05:00 PST"]
[Termination "rasmussvane won by resignation"]

1. d4 d5 2. Bf4 Nf6 3. e3 c5 4.
Nf3 Nc6 5. Nbd2 Bg4 6. h3 Bxf3 7. Nxf3 e6 8. c3 Bd6 9. dxc5 Bxc5 10. Bd3 Bd6 11. Bxd6 Qxd6 12. O-O O-O 13. c4 Rfd8 14. cxd5 Qxd5 15. Be2 Qc5 16. Qa4 Qb6 17. b3 Nd5 18. Rac1 Nxe3 19. Rfe1 Nf5 20. Qf4 h6 21. Bc4 Nfd4 22.
Nxd4 Rxd4 23. Qg3 Rad8 24. Re2 Rd1+ 25. Rxd1 Rxd1+ 26. Kh2 Qd4 27. Qc7 Qd6+ 28. Qxd6 Rxd6 29. f4 g6 30. g4 Kg7 31. Kg3 a6 32. Rf2 b5 33. Bf1 Kf6 34. g5+ hxg5 35. fxg5+ Ke7 36. h4 Nd4 37. Bh3 Rc6 38. Rd2 Rc3+ 39. Kg2 Nf3 0-1